 Dungeon Crawl Stone Soup version 0.24.0-10-g970556be89 (webtiles) character file.

Game seed: 4867514558171088773, levelgen mode: deterministic

198 Iamsoldier the Conjurer (level 5, -2/28 HPs)
             Began as a Tengu Conjurer on Nov 5, 2019.
             Slain by an orc wizard
             ... wielding a +2 dagger of electrocution
              (9 damage)
             ... on level 3 of the Dungeon.
             The game lasted 00:11:10 (2981 turns).

Iamsoldier the Conjurer (Tengu Conjurer)            Turns: 2981, Time: 00:11:14

Health: -2/28      AC:  3    Str:  9    XL:     5   Next: 77%
Magic:  4/11       EV: 13    Int: 16    God:
Gold:   150        SH:  0    Dex: 14    Spells: 8/11 levels left

rFire    x . .     SeeInvis .   (no weapon)
rCold    + . .     Gourm    .   (no shield)
rNeg     . . .     Faith    .   a - +0 robe
rPois    .         Spirit   .   (helmet restricted)
rElec    .         Reflect  .   f - +0 cloak
rCorr    .         Harm     .   (no gloves)
MR       +....                  (boots unavailable)
Stlth    ++........             (no amulet)
HPRegen  0.09/turn              l - ring of protection from magic
MPRegen  0.12/turn              o - ring of ice

@: no status effects
A: beak, talons 3, able to fly
a: Fly


You were on level 3 of the Dungeon.
You were not hungry.

You visited 1 branch of the dungeon, and saw 3 of its levels.

You collected 150 gold pieces.

Inventory:

Armour
 a - a +0 robe (worn)
 f - a +0 cloak (worn)
Jewellery
 l - a ring of protection from magic (left hand)
 o - a ring of ice (right hand)
Scrolls
 b - 4 scrolls of blinking {unknown}
 d - a scroll of enchant weapon {unknown}
 e - 2 scrolls of teleportation {unknown}
 g - 6 scrolls of identify {unknown}
 i - 3 scrolls of enchant armour {unknown}
Potions
 h - a potion of agility {unknown}
 j - 3 potions of curing {unknown}
 m - a potion of might {unknown}
 n - a potion of experience {unknown}
 p - a potion of flight {unknown}
 q - a potion of heal wounds
Comestibles
 c - 4 rations


   Skills:
 + Level 3.4 Dodging
 - Level 2.0 Stealth
 * Level 3.6 Spellcasting
 * Level 7.0 Conjurations


You had 8 spell levels left.
You knew the following spells:

 Your Spells              Type           Power        Failure   Level  Hunger
a - Magic Dart            Conj           ####         1%          1    None
b - Searing Ray           Conj           ####..       1%          2    ##.....

Your spell library contained the following spells:

 Spells                   Type           Power        Failure   Level  Hunger
 Iskenderun's Mystic Bla  Conj           ####....     10%         4    ####...
 Dazzling Spray           Conj/Hex       ##....       12%         3    ###....
 Force Lance              Conj/Tloc      ##......     38%         4    ####...
 Fulminant Prism          Conj/Hex       ##........   38%         4    ####...


Dungeon Overview and Level Annotations

Branches:
Dungeon (3/15)

Altars:
Elyvilon
Gozag
Zin


Innate Abilities, Weirdness & Mutations

You have a beak for a mouth.
You have claws for feet.
You can fly continuously.


Message History

Casting: Searing Ray (safe; 1% risk of failure)
Confirm with . or Enter, or press ? or * to list all spells.
Aiming: Magic Dart (safe; 1% risk of failure)
Press: ? - help, Shift-Dir - straight line, f - frilled lizard
Aim: a frilled lizard The magic dart hits the frilled lizard.
You kill the frilled lizard!
The gnoll closely misses you.
Casting: Magic Dart (safe; 1% risk of failure)
Confirm with . or Enter, or press ? or * to list all spells.
Aiming: Searing Ray (safe; 1% risk of failure)
Press: ? - help, Shift-Dir - straight line, f - orc wizard
Aim: an orc wizard, wielding a +2 dagger of electrocution and wearing a +0 robe (fast)
The searing ray hits the orc wizard.
The orc wizard is lightly wounded. (Press . to maintain the ray.)
The orc wizard hits you with a +2 dagger of electrocution.
* * * LOW HITPOINT WARNING * * *
You are electrocuted!
You die...

#########.l#
#.......#..#
#._..._.#..#
#.......##g#
##.....###.#
#######'#####.#
#.......g.....#
........oo..###
#.#####@###.#
#.....†)# #.#
#.#####.# #.#
#)# #.# #.# #.#
#.# #.# #.# #.#
#.# #.#


You could see an orc priest, an orc wizard and a gnoll.

Vanquished Creatures
  6 gnolls
  8 adders (D:2)
  A worm (D:2)
  2 dart slugs
  2 leopard geckos (D:1)
  An orc (D:3)
  3 ball pythons
  8 bats
  2 giant cockroaches
  9 goblins
  4 hobgoblins
  A jackal (D:2)
  10 frilled lizards
  4 kobolds
  9 rats
70 creatures vanquished.

Vanquished Creatures (others)
  A rat (D:3)
1 creature vanquished.

Grand Total: 71 creatures vanquished

Notes
Turn   | Place    | Note
-------+----------+-------------------------------------------
     0 | D:1      | Iamsoldier the Tengu Conjurer began the quest for the Orb.
     0 | D:1      | Reached XP level 1. HP: 10/10 MP: 4/4
   116 | D:1      | Reached XP level 2. HP: 15/15 MP: 1/6
   475 | D:1      | Reached XP level 3. HP: 19/19 MP: 5/7
   938 | D:2      | Reached skill level 6 in Conjurations
   944 | D:2      | Learned a level 2 spell: Searing Ray
  1103 | D:2      | Reached XP level 4. HP: 17/24 MP: 0/9
  1635 | D:2      | Found a white marble altar of Elyvilon.
  1670 | D:2      | Gained mutation: You can fly continuously. [Tengu growth]
  1670 | D:2      | Reached XP level 5. HP: 28/28 MP: 4/10
  2814 | D:3      | Found an opulent altar of Gozag.
  2814 | D:3      | Found a glowing silver altar of Zin.
  2979 | D:3      | Reached skill level 7 in Conjurations
  2981 | D:3      | Slain by an orc wizard

Levels and vault maps discovered:
D:1:      lightli_arrival_boilingwater, layout_loops_cross
D:2:      minmay_thinvault, layout_basic, elyvilon_altar_4
D:3:      layout_basic, grunt_temple_overflow_gold_and_silver,
          lemuel_old_faithful, uniq_robin, uniq_jessica, uniq_terence

Skill      XL: |  1  2  3  4  5 |
---------------+----------------+-----
Conjurations   | 6 7 |  7.0
Spellcasting   | 3 |  3.6
Dodging        | 3 |  3.4
Stealth        | |  2.0

Action                   |  1- 3 |  4- 6 || total
-------------------------+-------+-------++-------
Melee: Unarmed           |    10 |       ||    10
       Kick              |     2 |       ||     2
 Cast: Magic Dart        |    57 |    71 ||   128
       Searing Ray       |     2 |     6 ||     8
  Use: Potion            |     2 |       ||     2
  Eat: Chunk             |     1 |     5 ||     6
       Ration            |       |     1 ||     1
Armor: Robe              |     3 |     7 ||    10
Dodge: Dodged            |    14 |    35 ||    49
